 Dungeon Crawl Stone Soup version 0.29.0-4-gdea44cf6ec (webtiles) character file.

Game seed: 12438037147067762851

27 qw the Chopper (level 3, 0/21 HPs)
             Began as a Tengu Warper on Aug 29, 2022.
             Succumbed to a goblin's poison
             ... on level 2 of the Dungeon.
             The game lasted 00:00:04 (950 turns).

qw the Chopper (Tengu Warper)                        Turns: 950, Time: 00:00:05

Health: 0/21       AC:  8    Str: 10 (13) XL:     3   Next: 10%
Magic:  7/7        EV:  4    Int: 12 (13) God:
Gold:   45         SH:  0    Dex: 12 (13) Spells: 6/6 levels left

rFire   . . .      SeeInvis .   Y - +0 hand axe
rCold   . . .      Faith    .   (no shield)
rNeg    . . .      Spirit   .   h - +0 chain mail
rPois   .          Reflect  .   (helmet restricted)
rElec   .          Harm     .   (no cloak)
rCorr   .          Rampage  .   (no gloves)
Will    .....                   (boots unavailable)
Stlth   ..........              (no amulet)
HPRegen 0.07/turn               (no ring)
MPRegen 0.10/turn               (no ring)

@: lethally poisoned (0 -> -8)
A: beak, talons 3
a: no special abilities


You were on level 2 of the Dungeon.
You visited 1 branch of the dungeon, and saw 2 of its levels.

You collected 45 gold pieces.


Innate Abilities, Weirdness & Mutations

You have a beak for a mouth.
You have claws for feet.


   Skills:
 - Level 2.0 Fighting
 + Level 3.8 Axes
 - Level 1.0 Throwing
 - Level 1.1 Armour
 - Level 2.1 Dodging
 - Level 2.0 Spellcasting
 - Level 2.4 Translocations


You had 6 spell levels left.
You didn't know any spells.
Your spell library contained the following spells:

 Spells                   Type           Power      Damage    Failure   Level
 Blink                    Tloc           12%        N/A       100%        2
 Gell's Gravitas          Tloc           6%         N/A       100%        3
 Lesser Beckoning         Tloc           6%         N/A       100%        3
 Teleport Other           Tloc           6%         N/A       100%        3
 Manifold Assault         Tloc           6%         N/A       100%        5

Inventory:

Hand Weapons
 a - a +0 whip
 Y - a +0 hand axe (weapon)
Armour
 h - a +0 chain mail (worn)
Scrolls
 g - a scroll of identify
Potions
 d - a potion of curing {unknown}

Dungeon Overview and Level Annotations

Branches:
Dungeon (2/15)

Altars:


Message History

You have reached level 3!
Your experience leads to an increase in your attributes!
Your base attributes are Str 11, Int 13, Dex 13.
Increase (S)trength, (I)ntelligence, or (D)exterity?
You feel stronger. x2
You start resting.
HP restored.
Found a stone staircase leading down.
A goblin comes into view. It is wielding a +0 dagger of venom.
The goblin shouts!
A ball python comes into view.
942 ||| Stepping ~*~*~tactically~*~*~ (stealth).
943 ||| Stepping ~*~*~tactically~*~*~ (stealth).
Found 6 stones.
The ball python hisses angrily.
The goblin hits you with a +0 dagger of venom.
You hit the goblin.
The goblin is severely wounded.
The goblin hits you with a +0 dagger of venom.
You are poisoned.
You hit the goblin but do no damage. Your peck misses the goblin.
The goblin is severely wounded.
You feel sick.
The goblin hits you with a +0 dagger of venom.
You are lethally poisoned!
You hit the goblin.
You kill the goblin!
You closely miss the ball python.
You feel very sick.
The ball python bites you but does no damage.
The ball python grabs you. The ball python constricts you.
You hit the ball python.
The ball python is heavily wounded.
You feel very sick. The ball python bites you. The ball python constricts you.
You hit the ball python.
You kill the ball python!
You feel very sick.
There is a lethal amount of poison in your body!
You die...

##.# ... #.#### .#
#....# # .# #....##. .#
....... .# #....# .#
#....# .###### #%)).#
.%....##########@###
......##...........#
......##.(.........#
......##...........#
..................#...
..................#(#.#
..................#.# #
..................# #
######............#


There were no monsters in sight!

Vanquished Creatures
  2 dart slugs (D:1)
  2 ball pythons
  2 bats (D:1)
  An endoplasm (D:1)
  2 giant cockroaches
  3 goblins
  4 hobgoblins
  2 frilled lizards (D:1)
  A kobold (D:2)
  A rat (D:1)
20 creatures vanquished.

Notes
Turn   | Place    | Note
-------+----------+-------------------------------------------
     0 | D:1      | qw the Tengu Warper began the quest for the Orb.
     0 | D:1      | Reached XP level 1. HP: 12/12 MP: 4/4
     0 | D:1      | 0 ||| qw: Version: 0.1-a-89-g26bdef1
     0 | D:1      | 0 ||| qw: Game counter: 3524
     0 | D:1      | 0 ||| qw: Always use a shield: true
     0 | D:1      | 0 ||| qw: God list: Okawaru
     0 | D:1      | 0 ||| qw: Allow faded altars: false
     0 | D:1      | 0 ||| qw: Do Orc after D:15 true
     0 | D:1      | 0 ||| qw: Do second Lair branch before Depths: true
     0 | D:1      | 0 ||| qw: Lair rune preference: random
     0 | D:1      | 0 ||| qw: Plans: Normal
     0 | D:1      | 0 ||| PLANNING D:1-11
   213 | D:1      | 213 ||| Stepping ~*~*~tactically~*~*~ (stealth).
   222 | D:1      | 222 ||| Stepping ~*~*~tactically~*~*~ (hiding).
   227 | D:1      | Reached skill level 3 in Axes
   227 | D:1      | Reached XP level 2. HP: 17/17 MP: 6/6
   486 | D:1      | 486 ||| Stepping ~*~*~tactically~*~*~ (hiding).
   754 | D:1      | 754 ||| UPGRADING to +0 chain mail.
   764 | D:1      | 764 ||| DROPPING +0 leather armour.
   765 | D:1      | 765 ||| READING 2 scrolls labelled NIRORPHUAWIE.
   766 | D:1      | 766 ||| READING 2 scrolls labelled UNELAGURIFA.
   767 | D:1      | 767 ||| DRINKING 2 green potions.
   768 | D:1      | 768 ||| DROPPING scroll of immolation.
   769 | D:1      | 769 ||| DROPPING scroll of blinking.
   770 | D:1      | 770 ||| DROPPING potion of degeneration.
   881 | D:2      | 881 ||| DROPPING +0 club.
   915 | D:2      | Reached XP level 3. HP: 19/21 MP: 7/7
   942 | D:2      | 942 ||| Stepping ~*~*~tactically~*~*~ (stealth).
   943 | D:2      | 943 ||| Stepping ~*~*~tactically~*~*~ (stealth).
   948 | D:2      | HP: 5/21 [poisoned by a goblin]
   949 | D:2      | HP: 1/21 [poisoned by a goblin]
   950 | D:2      | Succumbed to a goblin's poison

Levels and vault maps discovered:
D:1:      dpeg_arrival_tiny_h, layout_loops_ring
D:2:      cheibrodos_old_hovel, layout_basic, guppyfry_early_orc_mine

Skill      XL: |  1 |
---------------+----+-----
Axes           | 3 |  3.8
Fighting       | |  2.0
Throwing       | |  1.0
Armour         | |  1.1
Dodging        | |  2.1
Spellcasting   | |  2.0
Translocations | |  2.4

Action                   || total
-------------------------++-------
Melee: Hand axe          ||    42
       Kick              ||    10
       Peck              ||     3
Throw: Boomerang         ||     7
  Use: Scroll            ||     2
       Potion            ||     1
Armor: Leather armour    ||     3
       Chain mail        ||    14
Dodge: Dodged            ||    13

Table legend:
 A = Non-vault XP
 B = Vault XP
 C = Vault XP percentage of total XP
 D = Non-vault monster count
 E = Vault monster count
 F = Vault count percentage of total count
                 A         B        C        D         E       F
            +---------+---------+-------+---------+---------+-------
      Total |      39 |       0 |   0.0 |      20 |       0 |   0.0
            +---------+---------+-------+---------+---------+-------
        D:1 |      30 |       0 |   0.0 |      15 |       0 |   0.0
        D:2 |       9 |       0 |   0.0 |       5 |       0 |   0.0
            +---------+---------+-------+---------+---------+-------
